 Dungeon Crawl Stone Soup version 0.31-a0-204-g7da18cac08 (webtiles) character file.

Game seed: 1929714565634804938

5616 mobinator the Basher (level 10, -2/77 HPs)
             Began as a Hill Orc Fighter on June 27, 2023.
             Was an Initiate of Yredelemnul.
             Slain by a wolf (8 damage)
             ... on level 1 of the Lair of Beasts.
             The game lasted 01:11:18 (10481 turns).

mobinator the Basher (Hill Orc Fighter)            Turns: 10481, Time: 01:11:19

Health: -2/77      AC: 13    Str: 24    XL:     10   Next: 73%
Magic:  0/10       EV:  9    Int: 14    God:    Yredelemnul [......]
Gold:   408        SH:  4    Dex: 10    Spells: 5/9 levels left

rFire   + . .        a - +0 flail
rCold   . . .        c - +0 buckler
rNeg    . . .        K - +1 scale mail {rF+}
rPois   .            u - +0 helmet
rElec   .            (no cloak)
rCorr   .            (no gloves)
SInv    .            (no boots)
Will    .....        R - amulet of guardian spirit Stlth
                     o - +4 ring of protection
HPRegen 0.32/turn    T - +6 ring of intelligence
MPRegen 0.12/turn

%: guardian spirit
@: about to teleport, hasted, studying Hexes, very quick
A: no striking features
a: Renounce Religion, Recall Undead Harvest


You were on level 1 of the Lair of Beasts.
You worshipped Yredelemnul.
Yredelemnul was noncommittal.
You visited 2 branches of the dungeon, and saw 10 of its levels.

You collected 408 gold pieces.

Inventory:

Hand Weapons
 a - a +0 flail (weapon)
 s - a +0 whip of venom
Missiles
 e - 9 javelins
 p - 8 boomerangs
 G - 26 poisoned darts (quivered)
 H - a curare-tipped dart
Armour
 c - a +0 buckler (worn)
 u - a +0 helmet (worn)
 K - a +1 scale mail of fire resistance (worn)
 Q - a +0 plate armour
Magical Staves
 N - a staff of poison
Jewellery
 k - a ring of willpower
 n - a ring of see invisible
 o - a +4 ring of protection (left hand)
 D - a ring of wizardry
 O - a ring of magical power
 R - an amulet of guardian spirit (around neck)
 T - a +6 ring of intelligence (right hand)
Wands
 i - a wand of digging (7)
 M - a wand of polymorph (1)
 S - a wand of roots (8)
Scrolls
 g - a scroll of torment {unknown}
 h - a scroll of fear {unknown}
 l - 3 scrolls of amnesia {unknown}
 m - 4 scrolls of teleportation
 t - 6 scrolls of identify
 v - a scroll of silence {unknown}
 w - 2 scrolls of enchant armour {unknown}
 x - a scroll of poison
 y - a scroll of immolation {unknown}
 B - a scroll of blinking {unknown}
 E - a scroll of noise {unknown}
 F - 3 scrolls of vulnerability
 I - a scroll of revelation {unknown}
Potions
 b - a potion of degeneration {unknown}
 d - 2 potions of haste
 f - 2 potions of ambrosia
 j - a potion of invisibility {unknown}
 q - a potion of enlightenment {unknown}
 r - a potion of resistance {unknown}
 z - a potion of attraction
 A - a potion of berserk rage {unknown}
 C - a potion of brilliance {unknown}
 J - a potion of cancellation {unknown}
 L - a potion of heal wounds {unknown}
 P - a potion of mutation {unknown}
 U - a potion of lignification {unknown}


   Skills:
 - Level 3.6 Fighting
 * Level 13.7 Maces & Flails
 + Level 5.8 Armour
 - Level 3.2 Shields
 - Level 2.6 Hexes
 * Level 5.0 Necromancy
 - Level 6.1 Evocations


You had 5 spell levels left.
You knew the following spells:

 Your Spells              Type           Power      Damage    Failure   Level
a - Necrotise             Necr           56%        1d6       11%         1
b - Vampiric Draining     Necr           14%        2d7       30%         3

Your spell library contained the following spells:

 Spells                   Type           Power      Damage    Failure   Level
 Apportation              Tloc           0%         N/A       63%         1
 Beastly Appendage        Tmut           0%         N/A       63%         1
 Summon Small Mammal      Summ           0%         N/A       63%         1
 Wereblood                Tmut           0%         N/A       77%         2
 Inner Flame              Hex/Fire       3%         N/A       82%         3
 Spider Form              Tmut/Pois      0%         N/A       94%         3
 Agony                    Necr           14%        N/A       96%         5
 Yara's Violent Unravell  Hex/Tmut       1%         3d3       100%        5
 Enfeeble                 Hex            3%         N/A       100%        7
 Borgnjor's Revivificati  Necr           7%         N/A       100%        8
 Necromutation            Tmut/Necr      3%         N/A       100%        8
 Death's Door             Necr           7%         N/A       100%        9


Dungeon Overview and Level Annotations

Branches:
Dungeon (9/15)             Temple (0/1) D:6            Lair (1/5) D:9
    Orc: D:9-12

Altars:
Elyvilon
Makhleb
Nemelex Xobeh
Yredelemnul

Shops:
D:7 :


Message History

The grasping roots constrict the blink frog.
You hear a howl! x2
A wolf comes into view.
The blink frog struggles to escape constriction.
The blink frog escapes!
Press: ? - help, v - describe, . - travel
Here: a wolf The floor.
There are monsters nearby!
The blink frog hits you.
* * * LOW HITPOINT WARNING * * *
The blink frog blinks!
You feel yourself speed up.
A wolf comes into view.
You block the blink frog's attack. The blink frog hits you.
* * * LOW HITPOINT WARNING * * *
The blink frog blinks! x2; The wolf closely misses you.
You barely miss the wolf. You barely miss the wolf.
The wolf closely misses you.
The blink frog hits you but does no damage.
You hit the wolf.
The wolf is lightly wounded.
The wolf bites you but does no damage. The blink frog closely misses you.
You closely miss the wolf.
The wolf is lightly wounded.
The wolf bites you but does no damage.
You hit the wolf.
The wolf is moderately wounded.
The wolf bites you but does no damage. The blink frog hits you!
* * * LOW HITPOINT WARNING * * *
The blink frog hits you but does no damage.
The wolf closely misses you.
A wolf comes into view.
Okay, then.
As you read the scroll of teleportation, it crumbles to dust.
You feel strangely unstable.
The wolf howls!
The wolf bites you!
You die...
Your body rises from the dead as a mindless zombie.

#########
........##
....!$..F###
.....F..F@h#####
.......F#.h....#
........######h+
...$.....
........##
........#
........#
####P+..# ##...#


You could see 4 blink frogs and 3 wolves.

Vanquished Creatures
  An elephant (D:9)
  A troll (D:9)
  A hornet (D:9)
  2 wyverns (D:9)
  6 yaks (D:9)
  A basilisk (D:9)
  2 water moccasins
  Duvessa (D:6)
  3 ice beasts
  An orc warrior (D:9)
  3 ogres
  A sky beast (D:6)
  A black bear (D:7)
  2 centaurs
  2 kobold brigands (D:9)
  A phantom (D:7)
  5 bullfrogs
  A scorpion (D:5)
  3 wights (D:7)
  Dowan (D:6)
  4 hounds
  3 jellies
  A gnoll bouda (D:7)
  3 iguanas
  Jessica (D:3)
  4 orc wizards
  Robin (D:3)
  11 adders
  7 gnolls
  A shadow imp (D:8)
  3 white imps
  4 ufetubi
  2 worms
  5 dart slugs
  17 orcs
  7 bats
  10 endoplasms
  2 giant cockroaches
  19 goblins
  10 hobgoblins
  6 jackals (D:5)
  16 kobolds
  2 quokkas
  3 ball pythons
  2 frilled lizards (D:2)
  6 rats
189 creatures vanquished.

Vanquished Creatures (collateral kills)
  A hornet (D:9)
  A wyvern (D:9)
  A basilisk (D:9)
  A centaur (D:8)
  A wight (D:7)
  An orc priest (D:7)
  2 orc wizards
  4 orcs
  2 goblins (D:8)
  2 kobolds (D:9)
16 creatures vanquished.

Vanquished Creatures (others)
  A spectral wyvern (D:9)
  A troll zombie (D:9)
  A yak zombie (D:9)
  A bullfrog zombie (D:7)
  A centaur zombie (D:9)
  2 kobold zombies (D:9)
  4 orc zombies
11 creatures vanquished.

Grand Total: 216 creatures vanquished

Notes
Turn   | Place    | Note
-------+----------+-------------------------------------------
     0 | D:1      | mobinator the Hill Orc Fighter began the quest for the Orb.
     0 | D:1      | Reached XP level 1. HP: 19/19 MP: 1/1
   182 | D:1      | Reached skill level 3 in Maces & Flails
   182 | D:1      | Reached XP level 2. HP: 26/26 MP: 2/2
   597 | D:1      | Reached XP level 3. HP: 31/31 MP: 3/3
  1237 | D:2      | Reached skill level 4 in Maces & Flails
  1621 | D:2      | Reached XP level 4. HP: 39/39 MP: 4/4
  2085 | D:2      | Reached skill level 5 in Maces & Flails
  2295 | D:3      | Noticed Robin
  2310 | D:3      | Killed Robin
  2311 | D:3      | Reached XP level 5. HP: 10/45 MP: 5/5
  2694 | D:3      | Reached skill level 6 in Maces & Flails
  3305 | D:3      | Noticed Jessica
  3308 | D:3      | Killed Jessica
  3316 | D:3      | Reached XP level 6. HP: 51/51 MP: 6/6
  3395 | D:4      | Reached skill level 1 in Evocations
  3725 | D:4      | Reached skill level 7 in Maces & Flails
  4083 | D:5      | Entered Level 5 of the Dungeon
  4329 | D:5      | Noticed an ice beast
  4342 | D:5      | Killed an ice beast
  4343 | D:5      | Reached XP level 7. HP: 46/57 MP: 7/7
  4521 | D:5      | Reached skill level 8 in Maces & Flails
  4876 | D:5      | Reached skill level 9 in Maces & Flails
  4876 | D:5      | Reached XP level 8. HP: 64/64 MP: 8/8
  4892 | D:5      | Found a burning altar of Makhleb.
  4895 | D:5      | Found a basalt altar of Yredelemnul.
  5636 | D:6      | Noticed Dowan
  5637 | D:6      | Noticed Duvessa
  5646 | D:6      | Killed Duvessa
  5664 | D:6      | Killed Dowan
  5687 | D:6      | Found a staircase to the Ecumenical Temple.
  5887 | D:6      | Reached skill level 10 in Maces & Flails
  6773 | D:5      | Became a worshipper of Yredelemnul the Dark
  7096 | D:7      | Reached skill level 11 in Maces & Flails
  7096 | D:7      | Reached skill level 5 in Evocations
  7096 | D:7      | Reached XP level 9. HP: 70/70 MP: 9/9
  7480 | D:7      | Found a white marble altar of Elyvilon.
  7480 | D:7      | Found a sparkling altar of Nemelex Xobeh.
  7759 | D:7      | Reached * piety under Yredelemnul
  7783 | D:7      | Reached ** piety under Yredelemnul
  7991 | D:7      | Found Tulism's Tiny Tomes.
  8177 | D:8      | Reached skill level 12 in Maces & Flails
  8739 | D:8      | Learned a level 1 spell: Necrotise
  8954 | D:8      | Identified the +8 rapier "Alinez" {flame, rC+ Str+9}
  8985 | D:9      | Reached skill level 1 in Necromancy
  9003 | D:9      | Reached XP level 10. HP: 35/77 MP: 6/10
  9257 | D:9      | Reached skill level 13 in Maces & Flails
  9307 | D:9      | Paralysed by a hornet for 2 turns
  9360 | D:9      | Reached skill level 5 in Armour
  9538 | D:9      | Paralysed by a hornet for 2 turns
  9834 | D:9      | Noticed an elephant
  9858 | D:9      | Reached skill level 5 in Necromancy
  9858 | D:9      | Found a staircase to the Lair.
  9872 | D:9      | Killed an elephant
  9873 | D:9      | Reached skill level 1 in Hexes
  9894 | D:9      | HP: 2/77 [basilisk (4)]
 10243 | D:9      | Learned a level 3 spell: Vampiric Draining
 10451 | Lair:1   | Entered Level 1 of the Lair of Beasts
 10481 | Lair:1   | Slain by a wolf

Illustrated notes

Levels and vault maps discovered:
D:1:      elethiomel_arrival_shortcut, layout_basic
D:2:      layout_loops_ring
D:3:      layout_basic, uniq_jessica, uniq_robin
D:4:      layout_basic, serial_glass, glass_columns_b, glass_columns_b
D:5:      layout_basic, nicolae_overflow_hidden_temple
D:6:      layout_basic, minmay_temple_entry_trees, st_stairs_10, uniq_duvessa
D:7:      layout_basic, grunt_temple_overflow_open,
          nicolae_shop_i_like_small_books_too
D:8:      layout_gridville, enter_bailey_5
D:9:      layout_basic, david_lair_generic
Lair:1:   layout_roguey, uniq_urug

Skill      XL: |  1  2  3  4  5  6  7  8  9 10 |
---------------+-------------------------------+-----
Maces & Flails | 3 4 5 6 7 9 11 12 13 | 13.7
Evocations     | 2 3 5 6 |  6.1
Necromancy     | 2 5 |  5.0
Armour         | 4 5 |  5.8
Hexes          | 2 |  2.6
Fighting       | |  3.6
Shields        | |  3.2

Action                     |  1- 3 |  4- 6 |  7- 9 | 10-12 || total
---------------------------+-------+-------+-------+-------++-------
  Melee: Flail             |   108 |   251 |   291 |    81 ||   731
  Throw: Boomerang         |       |       |     5 |       ||     5
         Javelin           |       |       |     3 |       ||     3
         Dart              |       |       |       |     2 ||     2
   Cast: Vampiric Draining |       |       |       |     1 ||     1
         Necrotise         |       |       |       |     1 ||     1
 Invoke: Recall Undead Har |       |       |     2 |       ||     2
         Dark Bargain      |       |       |     1 |       ||     1
  Evoke: Wand              |       |     8 |    12 |    16 ||    36
    Use: Potion            |       |     3 |     6 |     3 ||    12
         Scroll            |       |     1 |     3 |     2 ||     6
 Armour: Scale mail        |    25 |       |   109 |    60 ||   194
         Chain mail        |    37 |   149 |    54 |       ||   240
  Dodge: Dodged            |    54 |    94 |   110 |    45 ||   303
  Block: Buckler           |    13 |    64 |    54 |    14 ||   145

Table legend: (Time is in decaauts)
 A = Elapsed time spent in this place.
 B = Non-inter-level travel time spent in this place.
 C = Inter-level travel time spent in this place.
 D = Time resting spent in this place.
 E = Time spent auto-exploring this place.
 F = Levels seen in this place.
 G = Mean time per level.
                   A        B        C        D        E       F      G
               +--------+--------+--------+--------+--------+-----+--------+
         Total |  10493 |   9972 |    521 |   2315 |   1274 |  10 | 1049.3 |
       Dungeon |  10469 |   9948 |    521 |   2315 |   1274 |   9 | 1163.2 |
          Lair |     23 |     23 |      0 |      0 |      0 |   1 |   23.0 |
               +--------+--------+--------+--------+--------+-----+--------+

Top non-repeatable levels by time:
     D:5: 1694 daAuts
     D:6: 1254 daAuts
     D:3: 1251 daAuts
     D:1: 1251 daAuts
     D:9: 1239 daAuts
     D:8: 1134 daAuts
     D:7: 1005 daAuts
     D:2: 922 daAuts
     D:4: 715 daAuts
  Lair:1: 23 daAuts
